 Dungeon Crawl Stone Soup version 0.29-a0-721-g7f417c9bbb (webtiles) character file.

Game seed: 10976544563142846602

127 zeratav the Shooter (level 4, -1/21 HPs)
             Began as a Spriggan Arcane Marksman on June 27, 2022.
             Slain by a black bear (2 damage)
             ... on level 4 of the Dungeon.
             The game lasted 00:04:59 (4430 turns).

zeratav the Shooter (Spriggan Arcane Marksman)      Turns: 4430, Time: 00:04:59

Health: -1/21      AC:  2    Str:  6    XL:     4   Next: 85%
Magic:  7/7        EV: 17    Int: 14    God:
Gold:   286        SH:  0    Dex: 17    Spells: 4/5 levels left

rFire   . . .      SeeInvis +   a - +0 sling
rCold   . . .      Faith    .   (no shield)
rNeg    . . .      Spirit   .   c - +0 robe
rPois   .          Reflect  .   (helmet restricted)
rElec   .          Harm     .   (no cloak)
rCorr   .          Rampage  .   (gloves unavailable)
Will    .....                   (boots unavailable)
Stlth   ++........              (no amulet)
HPRegen 0.07/turn               (no ring)
MPRegen 0.10/turn               (no ring)

@: very quick
A: very small, no large weapons, unfitting armour, see invisible, speed 3
a: no special abilities


You were on level 4 of the Dungeon.
You visited 2 branches of the dungeon, and saw 5 of its levels.

You collected 286 gold pieces.


Innate Abilities, Weirdness & Mutations

You are very small and have problems with some larger weapons.
You are too small for most types of armour.
You have supernaturally acute eyesight. (SInv)
You cover ground extremely quickly. (Speed+++)


   Skills:
 - Level 0.7 Fighting
 * Level 6.2 Ranged Weapons
 - Level 2.6 Dodging
 - Level 1.3 Spellcasting
 - Level 3.6 Hexes


You had 4 spell levels left.
You knew the following spells:

 Your Spells              Type           Power      Damage    Failure   Level
a - Slow                  Hex            44%        N/A       6%          1

Your spell library contained the following spells:

 Spells                   Type           Power      Damage    Failure   Level
 Foxfire                  Conj/Fire      0%         2x1d4     26%         1
 Inner Flame              Hex/Fire       6%         N/A       36%         3
 Portal Projectile        Hex/Tloc       12%        N/A       36%         3
 Cause Fear               Hex            5%         N/A       50%         4
 Conjure Flame            Conj/Fire      0%         6-21      58%         3
 Flame Wave               Conj/Fire      0%         2d4       94%         4

Inventory:

Hand Weapons
 a - a +0 sling (weapon)
Armour
 c - a +0 robe (worn)
Jewellery
 g - a ring of magical power
   (You found it on level 2 of the Dungeon)
Scrolls
 b - 2 scrolls of vulnerability {!r!r}
 d - a scroll of teleportation {unknown}
 i - a scroll of magic mapping {unknown}
 k - 2 scrolls of identify {unknown}
 l - a scroll of fear {unknown}
 n - a scroll of amnesia {unknown}
Potions
 e - 2 potions of flight {unknown}
 f - 2 potions of heal wounds {unknown}
 h - 2 potions of mutation {unknown}
 j - a potion of cancellation {unknown}
 m - 2 potions of might {unknown}

Dungeon Overview and Level Annotations

Branches:
Dungeon (4/15) Zot: 20594  Temple (1/1) D:4 Zot: 5756

Altars:
Ashenzari
Elyvilon
Fedhas
Hepliaklqana
Kikubaaqudgha
Makhleb
Nemelex Xobeh
Okawaru
Qazlal
Ru
Sif Muna
Uskayaw
Vehumet
Xom
Zin
The Shining One

Annotations:
D:4 Dowan, Duvessa

#####...................
.........................
.........................
.....................!..
........................
.....#........8.8.8..###
)....#........⌠.⌠.⌠.....
.....#........Bh....###
................@.###
...............e..#
........###.<.....#
###.....# #..|###.#
#.....# #...# #.# #####
#.....# #...# #.# #...#
#.....###...# #.# #...#
#...........# #.+ #...#
#...........# #...#


You could see Duvessa, a black bear and a giant cockroach.


Message History

The sling bullet closely misses the hound.
Fire: a) +0 sling
Press: ? - help, Q - select action, (/) - cycle Shift-Dir - straight line, f/p - hound
Aim: a hound (moderately wounded, slow, 48% to hit)
You shoot a sling bullet.
The sling bullet barely misses the hound.
Fire: a) +0 sling
Press: ? - help, Q - select action, (/) - cycle Shift-Dir - straight line, f/p - hound
Aim: a hound (moderately wounded, slow, 48% to hit)
You shoot a sling bullet. The sling bullet hits the hound.
The hound bites you.
* * * LOW HITPOINT WARNING * * *
HP[-2] MP[+1]
You take 2 damage, and now have 9/21 hp.
Your mp is fully restored (7).
Fire: a) +0 sling
Press: ? - help, Q - select action, (/) - cycle Shift-Dir - straight line, f/p - hound
Aim: a hound (moderately wounded, slow, 48% to hit)
You shoot a sling bullet. The sling bullet hits the hound.
The hound bites you.
* * * LOW HITPOINT WARNING * * *
HP[-5]
You take 5 damage, and now have 4/21 hp.
MASSIVE DAMAGE!! (PAUSE) Fire: a) +0 sling
Press: ? - help, Q - select action, (/) - cycle Shift-Dir - straight line, f/p - hound
Aim: a hound (heavily wounded, slow, 48% to hit)
You shoot a sling bullet. The sling bullet hits the hound.
The hound closely misses you.
The hound is no longer moving slowly.
HP[+1] Fire: a) +0 sling
Press: ? - help, Q - select action, (/) - cycle Shift-Dir - straight line, f/p - hound
Aim: a hound (severely wounded, 48% to hit)
You shoot a sling bullet.
The sling bullet closely misses the hound.
Fire: a) +0 sling
Press: ? - help, Q - select action, (/) - cycle Shift-Dir - straight line, f/p - hound
Aim: a hound (severely wounded, 48% to hit)
You shoot a sling bullet. The sling bullet hits the hound!
You kill the hound!
Your Ranged Weapons skill increases to level 6!
You start resting.
HP[+16]
Your hp is fully restored (21).
Found a stone staircase leading up and a staircase to the Ecumenical Temple.
Duvessa, Sister of Dowan comes into view.
She is wielding a +0 short sword.
You shoot a sling bullet. The sling bullet hits Duvessa.
Duvessa shouts!
Dowan, Brother of Duvessa comes into view.
He is wielding a +0 dagger and wearing a +1 robe of cold resistance.
A black bear comes into view.
The black bear growls angrily.
Dowan shouts!
Dowan gestures at you while chanting. The puff of flame hits you!
HP[-8]
You take 8 damage, and now have 13/21 hp.
MASSIVE DAMAGE!! (PAUSE) Dowan's feet meld with the ground, briefly.
Dowan casts a spell.
Dowan blinks!
A giant cockroach comes into view.
Duvessa closely misses you.
There is a staircase to the Ecumenical Temple here.
You climb downwards.
Welcome to the Ecumenical Temple!
There is a staircase back to the Dungeon here.
There is a dry fountain here.
There is a dry fountain here.
There is a staircase back to the Dungeon here.
There is a dry fountain here.
Found a sacrificial altar of Ru and an iron altar of Okawaru.
HP[+8]
Your hp is fully restored (21).
Found three altars.
Found three altars.
Found a glowing silver altar of Zin and a sparkling altar of Nemelex Xobeh.
Found a hide-covered altar of Uskayaw and a white marble altar of Elyvilon.
Found a blossoming altar of Fedhas.
Found a shimmering altar of Xom.
Found a radiant altar of Vehumet.
Found a glowing golden altar of the Shining One.
There is a hide-covered altar of Uskayaw here.
There is a white marble altar of Elyvilon here.
There is a radiant altar of Vehumet here.
Key pressed, stopping explore.
Partly explored, can't reach some places.
Search for what [? for help]? dith Can't find anything matching that.
(D) Dungeon (T) Temple
Where to? (Enter - D:4, ? - help)
There is a dry fountain here.
There is a staircase back to the Dungeon here.
You climb upwards.
Welcome back to the Dungeon!
Level annotation: Dowan, Duvessa Duvessa closely misses you.
The black bear barely misses you.
The black bear claws you. x2; Duvessa hits you with a +0 short sword!
Ouch! That really hurt!
* * * LOW HITPOINT WARNING * * *
The black bear closely misses you. The black bear completely misses you.
The black bear claws you.
You die...

Skill      XL: |  1  2  3  4 |
---------------+-------------+-----
Ranged Weapons | 3 4 5 6 |  6.2
Fighting       | |  0.7
Dodging        | |  2.6
Spellcasting   | |  1.3
Hexes          | |  3.6

Action                   |  1- 3 |  4- 6 || total
-------------------------+-------+-------++-------
 Fire: Sling             |   200 |    69 ||   269
 Cast: Slow              |     4 |     3 ||     7
Armor: Robe              |     9 |     5 ||    14
Dodge: Dodged            |   100 |    38 ||   138

Levels and vault maps discovered:
D:1:      dpeg_arrival_orchard, layout_basic, minmay_ruptured
D:2:      layout_rooms
D:3:      layout_basic
D:4:      layout_basic, minmay_temple_entry_drinking_statues, uniq_duvessa
Temple:   minmay_temple_bridge_d

Notes
Turn   | Place    | Note
-------+----------+-------------------------------------------
     0 | D:1      | zeratav the Spriggan Arcane Marksman began the quest for
                  | the Orb.
     0 | D:1      | Reached XP level 1. HP: 9/9 MP: 3/3
     0 | D:1      | magus.rc [v1.9.6]
   130 | D:1      | Reached skill level 3 in Ranged Weapons
   263 | D:1      | Reached XP level 2. HP: 14/14 MP: 5/5
   958 | D:1      | Reached skill level 4 in Ranged Weapons
  1156 | D:2      | HP: 3/14 [quokka (1)]
  1486 | D:2      | Reached XP level 3. HP: 17/17 MP: 6/6
  1613 | D:1      | HP: 3/17 [poisoned by an adder]
  1616 | D:1      | HP: 1/17 [poisoned by an adder]
  2354 | D:3      | HP: 2/17 [orc/+3 hand axe (3)]
  2649 | D:3      | Reached skill level 5 in Ranged Weapons
  3044 | D:3      | Reached XP level 4. HP: 21/21 MP: 7/7
  3073 | D:3      | You pick up a book of Flames and begin reading...
  3073 | D:3      | You add the spells Foxfire, Conjure Flame and Flame Wave to
                  | your library.
  3810 | D:4      | HP: 4/21 [hound (5)]
  3828 | D:4      | Reached skill level 6 in Ranged Weapons
  4063 | D:4      | Found a staircase to the Ecumenical Temple.
  4064 | D:4      | Noticed Duvessa
  4065 | D:4      | Noticed Dowan
  4072 | D:4      | Noticed a black bear
  4093 | Temple   | Entered the Ecumenical Temple
  4430 | D:4      | HP: 1/21 [Duvessa/+0 short sword (12)]
  4430 | D:4      | Slain by a black bear

Vanquished Creatures
  A hound (D:4)
  3 adders
  8 bats
  6 endoplasms
  5 giant cockroaches
  6 goblins
  6 hobgoblins
  4 jackals (D:3)
  11 kobolds
  3 quokkas
  6 ball pythons
  2 frilled lizards
  5 rats
66 creatures vanquished.

Vanquished Creatures (others)
  An orc (D:3)
1 creature vanquished.

Grand Total: 67 creatures vanquished

Table legend:
 A = Non-vault XP
 B = Vault XP
 C = Vault XP percentage of total XP
 D = Non-vault monster count
 E = Vault monster count
 F = Vault count percentage of total count
                 A         B        C        D         E       F
            +---------+---------+-------+---------+---------+-------
      Total |     177 |       5 |   2.7 |      64 |       3 |   4.5
            +---------+---------+-------+---------+---------+-------
        D:1 |      41 |       5 |  10.9 |      20 |       3 |  13.0
        D:2 |      27 |       0 |   0.0 |      17 |       0 |   0.0
        D:3 |      62 |       0 |   0.0 |      22 |       0 |   0.0
        D:4 |      47 |       0 |   0.0 |       5 |       0 |   0.0
            +---------+---------+-------+---------+---------+-------

Illustrated notes

Table legend:
 A = Kills in this place as a percentage of kills in entire the game.
 B = Kills by you in this place as a percentage of kills by you in the entire game.
 C = Kills by friends in this place as a percentage of kills by friends in the entire game.
 D = Other kills in this place as a percentage of other kills in the entire game.
 E = Experience gained in this place as a percentage of experience gained in the entire game.
 F = Experience gained in this place divided by the number of levels of this place that you have seen.
                   A       B       C       D       E      F
               +-------+-------+-------+-------+-------+----------------------
         Total | 100.0 | 100.0 |   N/A | 100.0 | 100.0 |  36.4
       Dungeon | 100.0 | 100.0 |   N/A | 100.0 | 100.0 |  45.5
               +-------+-------+-------+-------+-------+----------------------

Table legend: (Time is in decaauts)
 A = Elapsed time spent in this place.
 B = Non-inter-level travel time spent in this place.
 C = Inter-level travel time spent in this place.
 D = Time resting spent in this place.
 E = Time spent auto-exploring this place.
 F = Levels seen in this place.
 G = Mean time per level.
                   A        B        C        D        E       F      G
               +--------+--------+--------+--------+--------+-----+--------+
         Total |   3647 |   3568 |     79 |    920 |   2141 |   5 |  729.4 |
       Dungeon |   3403 |   3330 |     73 |    920 |   1909 |   4 |  850.8 |
        Temple |    243 |    238 |      5 |      0 |    232 |   1 |  243.0 |
               +--------+--------+--------+--------+--------+-----+--------+

Top non-repeatable levels by time:
     D:1: 1275 daAuts
     D:2: 900 daAuts
     D:3: 875 daAuts
     D:4: 353 daAuts
  Temple: 243 daAuts
